 Dungeon Crawl Stone Soup version 0.26.0-10-g1f06aea511 (webtiles) character file.

Game seed: 17371239664190418596

1346 Dirian the Carver (level 8, -3/70 HPs)
             Began as a Minotaur Fighter on Jan 14, 2021.
             Slain by an orc warrior
             ... wielding a +0 mace
              (19 damage)
             ... on level 6 of the Dungeon.
             The game lasted 00:06:42 (5319 turns).

Dirian the Carver (Minotaur Fighter)                Turns: 5319, Time: 00:06:42

Health: -3/70      AC: 11    Str: 22    XL:     8   Next: 36%
Magic:  7/7        EV:  6    Int:  5    God:
Gold:   245        SH: 11    Dex: 11    Spells: 7/7 levels left

rFire    . . .     SeeInvis .   a - +1 long sword
rCold    . . .     Faith    .   c - +1 kite shield
rNeg     + . .     Spirit   .   p - +0 chain mail
rPois    .         Reflect  .   (helmet restricted)
rElec    .         Harm     .   (no cloak)
rCorr    .         Rampage  .   (no gloves)
Will     .....                  j - +0 pair of boots
Stlth    ..........             (no amulet)
HPRegen  0.21/turn              e - ring of positive energy
MPRegen  0.10/turn              (no ring)

@: very slightly contaminated, invisible
A: retaliatory headbutt, horns 2
a: no special abilities


You were on level 6 of the Dungeon.
You visited 1 branch of the dungeon, and saw 6 of its levels.

You collected 294 gold pieces.
You spent 49 gold pieces at shops.

Inventory:

Hand Weapons
 a - a +1 long sword (weapon)
 i - a +0 long sword
Armour
 c - a +1 kite shield (worn)
 j - a +0 pair of boots (worn)
 p - a +0 chain mail (worn)
Jewellery
 e - a ring of positive energy (left hand)
Scrolls
 h - a scroll of magic mapping
 l - 2 scrolls of enchant armour
 t - 2 scrolls of teleportation
 x - 3 scrolls of remove curse
Potions
 f - a potion of invisibility
 k - a potion of haste {unknown}
 n - a potion of resistance
 q - 5 potions of curing
 s - a potion of lignification


   Skills:
 + Level 6.3 Fighting
 + Level 9.0 Long Blades
 + Level 7.1 Armour
 - Level 5.0 Shields


You had 7 spell levels left.
You didn't know any spells.
Your spell library contained the following spells:

 Spells                   Type           Power        Failure   Level
 Animate Skeleton         Necr           0%           100%        1
 Pain                     Necr           0%           100%        1
 Vampiric Draining        Necr           0%           100%        3
 Animate Dead             Necr           0%           100%        4
 Agony                    Necr           0%           100%        5


Dungeon Overview and Level Annotations

Branches:
Dungeon (6/15)
 Temple: D:4-7

Altars:
Makhleb
Okawaru
Qazlal
Vehumet

Shops:
D:4 }   D:5 ?


Innate Abilities, Weirdness & Mutations

You reflexively headbutt those who attack you in melee.
You have a pair of horns on your head.


Message History

The orc warrior hits you but does no damage.
You barely miss the orc priest. You block the orc warrior's attack.
The orc priest hits you but does no damage.
You catch the helpless orc priest completely off-guard!
You hit the orc priest. Your headbutt misses the orc priest.
The orc priest is heavily wounded.
The orc warrior hits you but does no damage.
You strike the helpless orc priest from behind!
You hit the orc priest. You headbutt the orc priest.
The orc priest is severely wounded.
The orc priest barely misses you. You furiously retaliate!
You headbutt the orc priest.
The orc warrior hits you with a +0 mace!
* * * LOW HITPOINT WARNING * * *
Items here: ) [[ ††.
You slash the orc priest!
You kill the orc priest!
You block the hound zombie's attack.
The orc warrior hits you with a +0 mace!!
You die...

############
...........#
.#########.# .# #.#
†# #.# #######
.######
#.######.$...?.
......#
#.....).Z......
#####^#
#######@o......
#####.# #.#...###
......# #.#...#
#####.##########.#
..#
.................'
[.+ #######..#..##
### .#
#####..#..####### ##
.................. #
######..##.########..


You could see an orc warrior and a hound zombie.

Vanquished Creatures
  Grinder (D:3)
  2 sky beasts
  2 phantoms (D:4)
  2 ogres
  2 scorpions
  A jelly (D:5)
  4 orc wizards
  3 orc priests
  2 hounds
  Terence (D:3)
  3 worker ants
  A hound zombie (D:6)
  6 adders
  A white imp (D:5)
  2 adder zombies
  An adder skeleton (D:4)
  3 worms
  A dart slug (D:1)
  2 leopard geckos
  11 orcs
  5 bats
  2 giant cockroaches
  8 goblins
  6 hobgoblins
  2 jackals (D:1)
  4 quokkas
  A ball python (D:4)
  4 frilled lizards
  7 kobolds
  A leopard gecko skeleton (D:5)
  A quokka zombie (D:5)
  8 rats
100 creatures vanquished.

Vanquished Creatures (others)
  A worker ant (D:3)
1 creature vanquished.

Grand Total: 101 creatures vanquished

Notes
Turn   | Place    | Note
-------+----------+-------------------------------------------
     0 | D:1      | Dirian the Minotaur Fighter began the quest for the Orb.
     0 | D:1      | Reached XP level 1. HP: 19/19 MP: 0/0
    46 | D:1      | Reached XP level 2. HP: 27/27 MP: 1/1
   719 | D:2      | Reached XP level 3. HP: 25/33 MP: 2/2
   861 | D:2      | Noticed a sky beast
   885 | D:2      | Killed a sky beast
   886 | D:2      | Reached skill level 3 in Long Blades
   886 | D:2      | Reached XP level 4. HP: 14/41 MP: 3/3
  1165 | D:2      | Reached XP level 5. HP: 41/47 MP: 4/4
  1273 | D:2      | Reached skill level 4 in Long Blades
  1629 | D:2      | Found a burning altar of Makhleb.
  1850 | D:3      | Reached skill level 5 in Shields
  2004 | D:3      | Found a radiant altar of Vehumet.
  2052 | D:3      | Noticed Terence
  2062 | D:3      | Killed Terence
  2063 | D:3      | Reached skill level 5 in Armour
  2063 | D:3      | Reached XP level 6. HP: 39/55 MP: 5/5
  2551 | D:3      | Reached skill level 5 in Long Blades
  2739 | D:3      | Noticed Grinder
  2740 | D:3      | Paralysed by Grinder for 7 turns
  2779 | D:3      | Killed Grinder
  2780 | D:3      | Reached skill level 5 in Fighting
  2780 | D:3      | Reached skill level 6 in Long Blades
  2780 | D:3      | Reached XP level 7. HP: 7/61 MP: 6/6
  3602 | D:4      | Found Doh Heet's Gadget Emporium.
  3699 | D:4      | Reached skill level 7 in Long Blades
  3859 | D:4      | Found a stormy altar of Qazlal.
  3940 | D:4      | Found a burning altar of Makhleb.
  4108 | D:5      | Entered Level 5 of the Dungeon
  4175 | D:5      | Reached skill level 8 in Long Blades
  4210 | D:5      | Reached XP level 8. HP: 54/70 MP: 7/7
  4328 | D:5      | Found Likki's Magic Scroll Shoppe.
  4348 | D:5      | Bought a scroll of magic mapping for 49 gold pieces
  5136 | D:6      | Found an iron altar of Okawaru.
  5313 | D:6      | Reached skill level 9 in Long Blades
  5319 | D:6      | Slain by an orc warrior

Illustrated notes

Levels and vault maps discovered:
D:1:      erik_arrival_triangle_huge, layout_basic
D:2:      layout_loops_ring, kennysheep_pointless_box, makhleb_altar_promises_db
D:3:      layout_basic, fiery_altar_vehumet, nicolae_overflow_hidden_temple,
          hex_intersection, uniq_terence, uniq_grinder
D:4:      layout_gridville, old_standard_altar, old_standard_altar,
          serial_shops, shop
D:5:      lemuel_ice_spiral_2, layout_basic, serial_shops, nicolae_shop_crystal,
          minmay_holes, hangedman_decor_points
D:6:      layout_basic, lemuel_coloured_pillars_altar, kennysheep_mini,
          nicolae_overflow_crystal_walls, lemuel_temple_firewalk_a,
          serial_shops, kennysheep_mini_moat, lightli_minifort

Skill      XL: |  1  2  3  4  5  6  7  8 |
---------------+-------------------------+-----
Fighting       | 4 5 6 |  6.3
Shields        | 4 5 |  5.0
Armour         | 4 5 6 7 |  7.1
Long Blades    | 3 4 6 8 9 |  9.0

Action                   |  1- 3 |  4- 6 |  7- 9 || total
-------------------------+-------+-------+-------++-------
Melee: Long sword        |    65 |   119 |   163 ||   347
       Headbutt          |     9 |    24 |    29 ||    62
  Use: Potion            |       |     1 |     1 ||     2
       Scroll            |       |       |    16 ||    16
 Stab: Invisible         |       |       |     2 ||     2
Armor: Scale mail        |    30 |    40 |       ||    70
       Chain mail        |       |       |    57 ||    57
Dodge: Dodged            |    12 |    28 |    21 ||    61
Block: Kite shield       |    31 |    77 |    92 ||   200
       Rpst.: Long sword |     2 |     8 |     8 ||    18
